 Dungeon Sprint DCSS version 0.21.0-24-g2553a33 (webtiles) character file.

7224 letownia2 the Grappler (level 10, -9/104 HPs)
             Began as a Troll Wizard on Jan 20, 2018.
             Was an Initiate of Gozag.
             Mangled by a tentacle (18 damage)
             ... attached to a kraken
             ... in the Dungeon (Sprint II: "The Violet Keep of Menkaure").
             The game lasted 00:12:51 (1077 turns).

letownia2 the Grappler (Troll Wizard)               Turns: 1077, Time: 00:12:51

Health: -9/104     AC: 11    Str: 23    XL:     10   Next: 88%
Magic:  3/16       EV:  9    Int: 17    God:    Gozag
Gold:   1691       SH: 14    Dex:  8    Spells: 9/18 levels left

rFire    + . .     SeeInvis .     - Unarmed
rCold    . . .     Gourm    +   i - +2 shield {AC+3}
rNeg     + . .     Faith    .   a - +0 robe
rPois    .         Spirit   .   b - +0 hat
rElec    +         Reflect  .   k - +2 cloak "Mynef" {rElec rN+ MR- Str+6}
rCorr    .         Harm     .   (gloves unavailable)
MR       .....     NoTele   +   (boots unavailable)
Stlth    +.........             r - amulet of the gourmand
HPRegen  0.67/turn              s - ring of protection from fire
MPRegen  0.15/turn              (no ring)

@: no status effects
A: large, unfitting armour, claws 3, fast metabolism 3, gourmand, regeneration
1, shaggy fur 1, tough skin 2
a: Potion Petition, Call Merchant, Bribe Branch, Renounce Religion


You were in the Dungeon.
You worshipped Gozag.
Gozag was most pleased with you.
You were not hungry.

You visited 1 branch You collected 3723 gold pieces.
You spent 703 gold pieces at shops.
You paid 1329 gold pieces to Gozag.

Inventory:

Armour
 a - a +0 robe (worn)
 b - a +0 hat (worn)
 i - a +2 shield of protection (worn)
 k - the +2 cloak "Mynef" (worn) {rElec rN+ MR- Str+6}
   (You bought it in a shop in the Dungeon)

   It affects your strength (+6).
   It insulates you from electricity.
   It protects you from negative energy.
   It affects your resistance to hostile enchantments.
Jewellery
 r - an amulet of the gourmand (around neck)
 s - a ring of protection from fire (left claw)
Scrolls
 j - a scroll of blinking
 o - a scroll of random uselessness {unknown}
 p - 4 scrolls of identify
 q - a scroll of magic mapping {unknown}
 u - a scroll of enchant weapon {unknown}
Potions
 d - a potion of lignification
 e - a potion of curing
 f - 5 potions of flight
 g - 2 potions of haste
 h - 5 potions of magic
 l - a potion of brilliance
 m - 6 potions of cancellation
 t - 3 potions of resistance {unknown}
Books
 c - a book of Minor Magic

   Spells                             Type                      Level
   a - Magic Dart                     Conjuration                  1
   b - Blink                          Translocation                2
   c - Call Imp                       Summoning                    2
   d - Slow                           Hexes                        2
   e - Conjure Flame                  Conjuration/Fire             3
   f - Mephitic Cloud                 Conjuration/Poison/Air       3
Comestibles
 n - 3 rations


   Skills:
 - Level 7.8 Fighting
 - Level 1.5 Dodging
 - Level 1.0 Stealth
 - Level 12.7 Shields
 + Level 14.8 Unarmed Combat
 - Level 4.8 Spellcasting
 - Level 4.0 Conjurations
   Level 0.6 Summonings
 - Level 3.1 Translocations
 - Level 3.0 Fire Magic
 - Level 2.7 Air Magic
 - Level 3.1 Poison Magic


You had 9 spell levels left.
You knew the following spells:

 Your Spells              Type           Power        Failure   Level  Hunger
a - Magic Dart            Conj           ###.         2%          1    None
b - Blink                 Tloc           N/A          6%          2    #......
c - Conjure Flame         Conj/Fire      ###.....     11%         3    ###....
e - Mephitic Cloud        Conj/Pois/Air  ###.....     12%         3    ###....


Dungeon Overview and Level Annotations

Branches:
Dungeon (1/1)

Altars:
Cheibriados
Dithmenos
Elyvilon
Fedhas
Gozag
Hepliaklqana
Kikubaaqudgha
Makhleb
Nemelex Xobeh
Okawaru
Qazlal
Ru
Sif Muna
Trog
Uskayaw
Vehumet
Wu Jian
Xom
Yredelemnul
Zin
The Shining One
Beogh
Jiyva
Lugonu

Shops:
D ::![%[}*=}(?[*=[!?

Annotations:
D exclusions: ice statue and oklob plant, Roxanne


Innate Abilities, Weirdness & Mutations

You are too large for most types of armour.
You have claws for hands.
Your metabolism is lightning-fast.
You like to eat raw meat.
Your natural rate of healing is unusually fast.
You are covered in fur. (AC +1)
You have very tough skin. (AC +2)


Message History

The kraken squirts a massive cloud of ink into the water!
You block the tentacle's attack.
Unknown command.
The tentacle slaps you but does no damage.
There's a creature in the doorway!
The tentacle slaps you!
Your magical contamination has completely faded away.
You see here 17 sling bullets.
The tentacle slaps you!!
* * * LOW HITPOINT WARNING * * *
The tentacle slaps you!
* * * LOW HITPOINT WARNING * * *
Unknown command.
Unknown command.
The tentacle completely misses you.
Unknown command.
Unknown command.
The tentacle slaps you!!
You die...
Your body crumbles into a pile of gold.

..▓ $ $ $$ $ ▓▓+▓▓▓▓.▓
$ $ $ $$ +§.§▓0..▓ $ $
#.§§▓▓▓▓▓▓▓▓▓▓
#.§§▓≈≈§≈≈≈§≈▓▓
#§:▓▓▓▓▓▓▓▓▓▓▓
#|)▓.)....[.▓▓$ #.
#[)▓..[)(..)▓▓
+.##.#§)▓..[..((@▓▓
...####▓.)(....w▓▓ $$
#..# $#▓)!).[(.│▓▓
$+..# .#▓(.....(│▓▓
$#..# .#▓.)(.(.│(▓▓
##..##.#▓.[()(.│.▓▓
###...##▓▓▓▓▓▓▓│▓▓▓▓+▓
§.≈≈≈≈≈≈≈≈≈§≈≈§.\.Xw≈▓
$
..≈#'########'###V§w≈▓$


You could see a kraken and a tentacle.

Vanquished Creatures
  Kirke (D)
  A yaktaur captain (D)
  A centaur warrior (D)
  A skeletal warrior (D)
  An elephant (D)
  A merfolk siren (D)
  2 spiny frogs (D)
  A kobold demonologist (D)
  A yaktaur (D)
  2 tyrant leeches (D)
  3 polar bears (D)
  A hornet (D)
  A hippogriff (D)
  4 necrophages (D)
  4 crocodiles (D)
  A scorpion (D)
  3 tentacles (D)
29 creatures vanquished.

Vanquished Creatures (others)
  A hippogriff (D)
  Menkaure (D)
  A crocodile (D)
  15 tentacles (D)
18 creatures vanquished.

Grand Total: 47 creatures vanquished

Notes
Turn   | Place    | Note
-------+----------+-------------------------------------------
     0 | D        | letownia2 the Troll Wizard began the quest for the Orb.
     0 | D        | Reached XP level 1. HP: 16/16 MP: 2/2
     1 | D        | Noticed a necrophage
     1 | D        | Noticed a necrophage
     1 | D        | Noticed a necrophage
     1 | D        | Noticed a necrophage
     5 | D        | Killed a necrophage
     5 | D        | Reached skill level 8 in Unarmed Combat
     5 | D        | Reached XP level 2. HP: 24/24 MP: 4/4
     5 | D        | Reached XP level 3. HP: 31/31 MP: 5/5
     5 | D        | Reached XP level 4. HP: 39/39 MP: 6/6
    10 | D        | Killed a necrophage
    10 | D        | Reached skill level 9 in Unarmed Combat
    10 | D        | Reached XP level 5. HP: 49/49 MP: 6/8
    16 | D        | Killed a necrophage
    16 | D        | Reached XP level 6. HP: 59/59 MP: 6/10
    24 | D        | Reached skill level 10 in Unarmed Combat
    30 | D        | Learned a level 2 spell: Blink
    34 | D        | Learned a level 3 spell: Conjure Flame
    35 | D        | Killed Menkaure
    39 | D        | Learned a level 3 spell: Mephitic Cloud
    60 | D        | Noticed Roxanne
    67 | D        | Reached skill level 1 in Translocations
    67 | D        | Reached skill level 1 in Poison Magic
    93 | D        | Found a glowing golden altar of the Shining One.
    93 | D        | Found an ornate altar of the Wu Jian Council.
    94 | D        | Found a shimmering altar of Xom.
    94 | D        | Found a sacrificial altar of Ru.
    95 | D        | Found a basalt altar of Yredelemnul.
    95 | D        | Found a deep blue altar of Sif Muna.
    96 | D        | Found a glowing silver altar of Zin.
    96 | D        | Found a bloodstained altar of Trog.
    96 | D        | Found an ancient bone altar of Kikubaaqudgha.
    96 | D        | Found a stormy altar of Qazlal.
    96 | D        | Found a viscous altar of Jiyva.
    97 | D        | Found a hide-covered altar of Uskayaw.
    97 | D        | Found a corrupted altar of Lugonu.
    97 | D        | Found a shadowy altar of Dithmenos.
    97 | D        | Found a hazy altar of Hepliaklqana.
    97 | D        | Found a snail-covered altar of Cheibriados.
    98 | D        | Found a radiant altar of Vehumet.
    98 | D        | Found a burning altar of Makhleb.
    98 | D        | Found a white marble altar of Elyvilon.
   101 | D        | Found a roughly hewn altar of Beogh.
   113 | D        | Found a sparkling altar of Nemelex Xobeh.
   113 | D        | Found a blossoming altar of Fedhas.
   115 | D        | Found an iron altar of Okawaru.
   115 | D        | Found an opulent altar of Gozag.
   124 | D        | Noticed a hornet
   124 | D        | Noticed a polar bear
   129 | D        | Noticed a flying skull
   129 | D        | Noticed a flying skull
   130 | D        | Became a worshipper of Gozag Ym Sagoz the Greedy
   153 | D        | Noticed a yaktaur
   154 | D        | Noticed a polar bear
   155 | D        | Noticed a polar bear
   162 | D        | Killed a polar bear
   162 | D        | Reached skill level 1 in Fire Magic
   162 | D        | Reached skill level 1 in Air Magic
   162 | D        | Reached XP level 7. HP: 45/68 MP: 5/12
   170 | D        | Killed a polar bear
   170 | D        | Reached skill level 5 in Fighting
   181 | D        | Noticed a flying skull
   183 | D        | Noticed a flying skull
   198 | D        | Killed a yaktaur
   198 | D        | Reached XP level 8. HP: 70/80 MP: 2/14
   216 | D        | Noticed a flying skull
   255 | D        | Killed a hornet
   255 | D        | Reached skill level 11 in Unarmed Combat
   267 | D        | Killed a polar bear
   284 | D        | Noticed a hippogriff
   285 | D        | Noticed a hippogriff
   290 | D        | Killed a hippogriff
   290 | D        | Reached skill level 12 in Unarmed Combat
   298 | D        | Killed a hippogriff
   318 | D        | Found Byocwip's Magic Scroll Shoppe.
   319 | D        | Found Zuasol's Antique Armour Shoppe.
   319 | D        | Found Nuruiw's Distillery.
   320 | D        | Found Ovyfeo's Antique Armour Shoppe.
   320 | D        | Found Fiwkeirph's Magic Scroll Emporium.
   320 | D        | Found Fuschopa's Jewellery Shoppe.
   321 | D        | Found Orukeh's Jewellery Shoppe.
   321 | D        | Found Jiwnazuy's Gadget Emporium.
   321 | D        | Found Laguam's Gadget Emporium.
   321 | D        | Found Ikkisaha's Antique Weapon Shoppe.
   322 | D        | Found Gaclugif's Food Shoppe.
   322 | D        | Found Liclu's Armour Emporium.
   322 | D        | Found Isolir's Antique Armour Emporium.
   323 | D        | Found Copum's Distillery.
   323 | D        | Found Yllis's Book Emporium.
   326 | D        | Noticed an oklob plant
   327 | D        | Found Ihuciowk's Book Shoppe.
   327 | D        | Noticed a hippogriff
   329 | D        | Noticed a hippogriff
   330 | D        | Noticed a hippogriff
   333 | D        | Noticed a shining eye
   347 | D        | Bought a glowing shield for 180 gold pieces
   368 | D        | Bought a potion of berserk rage for 70 gold pieces
   387 | D        | Noticed Kirke
   387 | D        | Noticed a kobold demonologist
   388 | D        | Noticed a skeletal warrior
   388 | D        | Noticed a yaktaur captain
   389 | D        | Noticed a centaur warrior
   413 | D        | Killed a yaktaur captain
   413 | D        | Reached XP level 9. HP: 79/93 MP: 3/15
   423 | D        | Killed Kirke
   423 | D        | Reached skill level 10 in Shields
   423 | D        | Reached XP level 10. HP: 88/101 MP: 4/16
   426 | D        | Killed a centaur warrior
   446 | D        | Killed a skeletal warrior
   594 | D        | Noticed an elephant
   600 | D        | Noticed a spiny frog
   601 | D        | Noticed a spiny frog
   620 | D        | Killed an elephant
   646 | D        | Noticed a merfolk siren
   651 | D        | Killed a merfolk siren
   651 | D        | Reached skill level 13 in Unarmed Combat
   665 | D        | Killed a spiny frog
   679 | D        | Killed a spiny frog
   679 | D        | Reached skill level 14 in Unarmed Combat
   696 | D        | Bought a heavily runed cloak for 304 gold pieces
   701 | D        | Identified the +2 cloak "Mynef" {rElec rN+ MR- Str+6} (You bought it in a shop in the Dungeon)
   748 | D        | Noticed an ice statue
   810 | D        | Bought a scroll of identify for 22 gold pieces
   817 | D        | Bought a murky grey potion for 23 gold pieces
   823 | D        | Bought a scroll of identify for 22 gold pieces
   828 | D        | Bought a pink potion for 28 gold pieces
   828 | D        | Bought a fuming orange potion for 28 gold pieces
   835 | D        | Bought a scroll of identify for 26 gold pieces
   872 | D        | Noticed a kraken
  1077 | D        | Mangled by a tentacle

Skill      XL: |  1  2  3  4  5  6  7  8  9 10 |
---------------+-------------------------------+-----
Unarmed Combat | 8 9 10 12 14 | 14.8
Fighting       | 2 3 4 5 7 |  7.8
Conjurations   | 2 3 4 |  4.0
Spellcasting   | 3 4 |  4.8
Translocations | 2 3 |  3.1
Poison Magic   | 2 3 |  3.1
Fire Magic     | 1 3 |  3.0
Air Magic      | 1 2 |  2.7
Shields        | 6 10 12 | 12.7
Dodging        | |  1.5
Stealth        | |  1.0
Summonings     | |  0.6

Action                   |  1- 3 |  4- 6 |  7- 9 | 10-12 || total
-------------------------+-------+-------+-------+-------++-------
Melee: Unarmed           |     3 |    27 |    42 |    73 ||   145
       Punch             |       |     2 |     2 |       ||     4
 Cast: Conjure Flame     |       |     2 |       |     8 ||    10
       Mephitic Cloud    |       |       |     3 |       ||     3
       Blink             |       |       |     1 |     1 ||     2
Invok: Potion Petition   |       |       |       |     2 ||     2
       Call Merchant     |       |       |       |     2 ||     2
  Use: Potion            |     1 |       |     1 |     1 ||     3
       Scroll            |       |       |       |     5 ||     5
 Stab: Confused          |       |       |     2 |       ||     2
  Eat: Chunk             |       |     5 |       |       ||     5
       Ration            |       |       |       |     2 ||     2
Armor: Robe              |     1 |     3 |    12 |    11 ||    27
Dodge: Dodged            |       |     5 |    17 |    11 ||    33
Block: Shield            |       |       |     3 |    34 ||    37
